 Dungeon Crawl Stone Soup version 0.26-a0-43-g20b394c (webtiles) character file.

Game seed: 13689211396829617392

263 rednit the Charmwright (level 5, -4/28 HPs)
             Began as a Deep Elf Ice Elementalist on June 3, 2020.
             Slain by a water moccasin (6 damage)
             ... on level 4 of the Dungeon on June 4, 2020.
             The game lasted 00:14:52 (2905 turns).

rednit the Charmwright (Deep Elf Ice Elementalist)  Turns: 2905, Time: 00:14:52

Health: -4/28      AC:  3    Str:  5    XL:     5   Next: 98%
Magic:  5/12       EV: 14    Int: 21    God:
Gold:   188        SH:  0    Dex: 15    Spells: 4/11 levels left

rFire    . . .     SeeInvis .   g - +0 dagger
rCold    . . .     Gourm    .   (no shield)
rNeg     . . .     Faith    .   a - +0 robe
rPois    .         Spirit   .   (no helmet)
rElec    .         Reflect  .   (no cloak)
rCorr    .         Harm     .   (no gloves)
MR       .....                  e - +0 pair of boots
Stlth    ++........             (no amulet)
HPRegen  0.09/turn              (no ring)
MPRegen  0.13/turn              (no ring)

@: frozen ramparts
A: no striking features
a: no special abilities


You were on level 4 of the Dungeon.
You were very hungry.

You visited 1 branch of the dungeon, and saw 5 of its levels.

You collected 188 gold pieces.

Inventory:

Hand Weapons
 g - a +0 dagger (weapon)
Missiles
 h - 110 stones (quivered)
 r - 14 poisoned darts
Armour
 a - a +0 robe (worn)
 e - a +0 pair of boots (worn)
Jewellery
 k - an uncursed ring of see invisible {unknown}
 n - an uncursed ring of positive energy {unknown}
Scrolls
 b - 2 scrolls of random uselessness {unknown}
 d - a scroll of blinking {unknown}
 f - a scroll of fog {unknown}
 i - 6 scrolls of identify {unknown}
 j - 5 scrolls of remove curse {unknown}
 m - 2 scrolls of amnesia {unknown}
 p - 2 scrolls of enchant armour {unknown}
 q - a scroll of magic mapping {unknown}
Potions
 l - 2 potions of curing {unknown}
 s - a potion of cancellation {unknown}
 t - a potion of lignification {unknown}
 u - 2 potions of haste {unknown}
 v - a potion of degeneration {unknown}
Comestibles
 c - 5 rations


   Skills:
 + Level 3.7 Dodging
 - Level 2.4 Stealth
 - Level 3.8 Spellcasting
 * Level 6.3 Charms
 - Level 5.1 Ice Magic


You had 4 spell levels left.
You knew the following spells:

 Your Spells              Type           Power        Failure   Level  Hunger
a - Freeze                Ice            ####         1%          1    None
b - Frozen Ramparts       Ice            ####..       4%          3    ###....
c - Ozocubu's Armour      Chrm/Ice       ####....     3%          3    ###....

Your spell library contained the following spells:

 Spells                   Type           Power        Failure   Level  Hunger
 Animate Skeleton         Necr           N/A          12%         1    None
 Apportation              Tloc           #.....       12%         1    None
 Corona                   Hex            #......      12%         1    None
 Summon Small Mammal      Summ           #...         12%         1    None
 Hailstorm                Conj/Ice       ##......     38%         4    ####...
 Summon Ice Beast         Ice/Summ       ##......     38%         4    ####...


Dungeon Overview and Level Annotations

Branches:
Dungeon (5/15)
 Temple: D:4-7

Altars:
Hepliaklqana


Message History

The frozen ramparts melt away.
The bullfrog skeleton hits you.
The bullfrog skeleton barely misses you.
The water moccasin hisses angrily.
The bullfrog skeleton hits you.
* * * LOW HITPOINT WARNING * * *
The bullfrog skeleton barely misses you.
The water moccasin completely misses you.
All of the chunks of flesh in your inventory have rotted away.
There is an escape hatch in the ceiling, spattered with blood here.
The bullfrog skeleton hits you.
* * * LOW HITPOINT WARNING * * *
The water moccasin bites you.
* * * LOW HITPOINT WARNING * * *
A mysterious force pulls you upwards. The hatch slams shut behind you.
Cast which spell? (? or * to list)
The walls around you are covered in ice.
The wall freezes the water moccasin.
The water moccasin closely misses you.
An iguana and a scorpion come into view.
The wall freezes the water moccasin. x2; The water moccasin bites you.
You die...

### ..#
#.# #.#
#.# #.#
#.# #S#
#@#
#........
#.......l
#........
#........
.########
.


s You could see a water moccasin, a scorpion (asleep) and an iguana (asleep).

Vanquished Creatures
  Jessica (D:2)
  Natasha (twice) (D:3)
  A hound zombie (D:5)
  8 adders
  2 oozes (D:1)
  A worm (D:2)
  3 leopard geckos
  9 orcs
  9 bats
  5 giant cockroaches (D:1)
  4 goblins
  6 hobgoblins
  5 jackals
  9 kobolds
  4 quokkas
  A ball python (D:1)
  3 frilled lizards
  12 rats
85 creatures vanquished.

Notes
Turn   | Place    | Note
-------+----------+-------------------------------------------
     0 | D:1      | rednit the Deep Elf Ice Elementalist began the quest for
                  | the Orb.
     0 | D:1      | Reached XP level 1. HP: 10/10 MP: 6/6
   349 | D:1      | Reached XP level 2. HP: 15/15 MP: 6/8
   648 | D:1      | Reached XP level 3. HP: 19/19 MP: 5/10
   864 | D:1      | Reached skill level 5 in Ice Magic
  1223 | D:2      | Learned a level 3 spell: Frozen Ramparts
  1227 | D:2      | Learned a level 3 spell: Ozocubu's Armour
  1313 | D:2      | Found a hazy altar of Hepliaklqana.
  1314 | D:2      | Noticed Jessica
  1331 | D:2      | Reached skill level 1 in Charms
  1367 | D:2      | Killed Jessica
  1367 | D:2      | Reached skill level 2 in Charms
  1367 | D:2      | Reached XP level 4. HP: 24/24 MP: 7/11
  1460 | D:2      | Reached skill level 3 in Charms
  1762 | D:2      | Reached skill level 4 in Charms
  1990 | D:3      | Reached XP level 5. HP: 25/28 MP: 7/12
  2273 | D:3      | Noticed Natasha
  2296 | D:3      | Killed Natasha
  2296 | D:3      | Reached skill level 5 in Charms
  2495 | D:3      | Noticed Natasha
  2506 | D:3      | Killed Natasha
  2674 | D:3      | Reached skill level 6 in Charms
  2693 | D:3      | You fall into a shaft and drop 2 floors!
  2693 | D:5      | Entered Level 5 of the Dungeon
  2895 | D:5      | Noticed a water moccasin
  2905 | D:4      | Slain by a water moccasin

Illustrated notes

Levels and vault maps discovered:
D:1:      minmay_arrival_pointy, layout_loops_ring, st_stairs_3
D:2:      minmay_angry_zag, layout_basic, old_standard_altar, uniq_jessica
D:3:      layout_rooms, minmay_misc_feat_nine_boxes, guppyfry_early_orc_mine,
          uniq_natasha
D:4:      layout_basic, first_ration
D:5:      layout_basic, serial_corexii_hall, chequers_hall_statues_y,
          corexii_hall_statues_u, uniq_blork_the_orc

Skill      XL: |  1  2  3  4  5 |
---------------+----------------+-----
Dodging        | 3 |  3.7
Ice Magic      | 5 |  5.1
Charms         | 2 4 6 |  6.3
Stealth        | |  2.4
Spellcasting   | |  3.8

Action                   |  1- 3 |  4- 6 || total
-------------------------+-------+-------++-------
Melee: Dagger            |    25 |    36 ||    61
Throw: Stone             |     3 |    29 ||    32
 Cast: Freeze            |    34 |    24 ||    58
       Frozen Ramparts   |     2 |    13 ||    15
       Ozocubu's Armour  |       |     3 ||     3
 Stab: Sleeping          |     8 |     3 ||    11
  Eat: Chunk             |     1 |     5 ||     6
Armor: Robe              |    11 |    19 ||    30
Dodge: Dodged            |    40 |    81 ||   121

Table legend:
 A = Non-vault XP
 B = Vault XP
 C = Vault XP percentage of total XP
 D = Non-vault monster count
 E = Vault monster count
 F = Vault count percentage of total count
                 A         B        C        D         E       F
            +---------+---------+-------+---------+---------+-------
      Total |     247 |     130 |  34.5 |      65 |      20 |  23.5
            +---------+---------+-------+---------+---------+-------
        D:1 |      51 |       4 |   7.3 |      25 |       3 |  10.7
        D:2 |      53 |      75 |  58.6 |      10 |       9 |  47.4
        D:3 |      94 |      51 |  35.2 |      22 |       8 |  26.7
        D:5 |      49 |       0 |   0.0 |       8 |       0 |   0.0
            +---------+---------+-------+---------+---------+-------
